 Dungeon Crawl Stone Soup version 0.30-a0-760-g5a9884bb7c (webtiles) character file.

Game seed: 6414738305600245891

60965 mopl the Bludgeoner (level 15, -13/126 HPs)
             Began as a Meteoran Berserker on Feb 10, 2023.
             Was the Champion of Trog.
             Killed from afar by a frost giant (28 damage)
             ... with a bolt of cold
             ... on level 11 of the Dungeon.
             The game lasted 00:41:10 (10354 turns).

mopl the Bludgeoner (Meteoran Berserker)           Turns: 10354, Time: 00:41:11

Health: -13/126    AC: 26    Str: 25    XL:     15   Next: 86%
Magic:  16/16      EV: 17    Int: 10    God:    Trog [******]
Gold:   2280       SH:  0    Dex: 15    Spells: 14/14 levels left

rFire   + . .      SeeInvis .    a - +5 great mace (spect)
rCold   . . .      Faith    .    (shield currently unavailable)
rNeg    . . .      Spirit   .    I - +0 swamp dragon scales
rPois   +          Reflect  .    V - +2 helmet
rElec   .          Harm     .    R - +1 cloak
rCorr   .          Rampage  .    z - +2 pair of gloves
Will    +....                    w - +0 pair of boots Stlth
                                 o - amulet of regeneration
HPRegen 1.21/turn                M - ring of protection from fire
MPRegen 0.15/turn                S - +4 ring of protection

@: berserking, glowing, very quick
A: sense surroundings 2, otherworldly, glowing, explore regen
a: Renounce Religion, Berserk, Trog's Hand, Brothers in Arms


You were on level 11 of the Dungeon.
You worshipped Trog.
Trog was exalted by your worship.
You visited 2 branches of the dungeon, and saw 16 of its levels.
You also visited: Sewer and Ice Cave.

You collected 2280 gold pieces.

Inventory:

Hand Weapons
 a - a +5 spectral great mace (weapon)
 b - a +4 dire flail
 T - the +3 great mace "Ekiur" {heavy, Will+}
   (Trog gifted it to you on level 10 of the Dungeon)

   Will:      It increases your willpower.
 W - a +4 great mace of flaming
Missiles
 g - 13 boomerangs
 q - 6 datura-tipped darts
 K - 30 poisoned darts (quivered)
 L - a curare-tipped dart
 Q - 9 javelins
 X - 4 atropa-tipped darts
Armour
 w - a +0 pair of boots (worn)
 z - a +2 pair of gloves (worn)
 I - +0 swamp dragon scales (worn)
 R - a +1 cloak (worn)
 V - a +2 helmet (worn)
Jewellery
 o - an amulet of regeneration (around neck)
 u - a ring of positive energy
 M - a ring of protection from fire (left hand)
 S - a +4 ring of protection (right hand)
 Y - a ring of flight
Wands
 f - a wand of quicksilver (9)
 x - a wand of polymorph (37)
 y - a wand of roots (4)
 C - a wand of mindburst (5)
 H - a wand of paralysis (22)
 U - a wand of flame (21)
Scrolls
 d - 6 scrolls of fear {unknown}
 j - 9 scrolls of teleportation
 r - 2 scrolls of silence {unknown}
 t - 3 scrolls of blinking {unknown}
 v - 3 scrolls of enchant weapon {unknown}
 A - 2 scrolls of immolation {unknown}
 D - 2 scrolls of amnesia {unknown}
 E - 3 scrolls of magic mapping {unknown}
 F - 4 scrolls of poison {unknown}
 Z - 2 scrolls of fog
Potions
 c - 3 potions of haste
 h - 3 potions of lignification {!q}
 i - 2 potions of cancellation
 k - 5 potions of might
 l - 3 potions of resistance
 m - 2 potions of heal wounds
 n - 2 potions of ambrosia
 s - a potion of flight
 B - 2 potions of magic
 N - 7 potions of curing
 P - 2 potions of berserk rage {!q}
Miscellaneous
 e - a box of beasts


   Skills:
 + Level 11.9 Fighting
 * Level 18.7 Maces & Flails
 + Level 10.6 Throwing
 + Level 12.5 Armour
 + Level 12.5 Dodging
 + Level 11.3 Evocations


You had 14 spell levels left.
You didn't know any spells.
Your spell library was empty.

Dungeon Overview and Level Annotations

Branches:
Dungeon (11/15) Zot: 773   Temple (0/1) D:5            Lair (5/5) D:10 Zot: 118
 Shoals (0/4) Lair:3        Snake (0/4) Lair:3        Slime (0/5) Lair:4
  Sewer (visited)           IceCv (visited)
    Orc: D:9-12

Altars:
Kikubaaqudgha
Ru
Wu Jian
Xom
Jiyva

Shops:
D:7 =


Innate Abilities, Weirdness & Mutations

You passively map the area around you.
You are easily found by Zot.
You glow in the dark.
You regain HP and MP as you explore.


Message History

Found a flail.
The vampire mosquito buzzes angrily.
The frost giant hits you but does no damage.
A troll comes into view.
Items here: ! $ ( )) / ? [[ ††.
You hit the frost giant.
The frost giant is lightly wounded.
The frost giant hits you with a +1 battleaxe of freezing!
The frost giant freezes you.
You bludgeon the frost giant!!
The frost giant is moderately wounded.
The frost giant gestures at you while chanting.
The bolt of cold hits you but does no damage.
You barely miss the frost giant.
The frost giant is moderately wounded.
The frost giant gestures at you while chanting.
The bolt of cold hits you!!!
Ouch! That really hurt!
* * * LOW HITPOINT WARNING * * *
A troll comes into view.
You are too injured to fight recklessly!
You are too injured to fight recklessly!
You are too injured to fight recklessly!
You are too injured to fight recklessly!
You are too injured to fight recklessly!
You are too injured to fight recklessly!
You are too injured to fight recklessly!
You are too injured to fight recklessly!
You are too injured to fight recklessly!
You are too injured to fight recklessly!
You are too injured to fight recklessly!
You are too injured to fight recklessly!
You are too injured to fight recklessly!
Things that are here:
2 large rocks; a cyclops corpse A red film seems to cover your vision as you go berserk!
You feel yourself moving faster!
You feel mighty!
The frost giant gestures at you while chanting.
The bolt of cold hits you!!
You die...

.....######...# * * **
..............#* ,* * ,
..............# * ,
##............# , * , ~
#............# ,*, ,
#............#♣ * ♣# ,
~~~ #.............♣
♣T##YC)
#......)).....♣♣♣YcyyYT.,
~ #....######...)@C♣*
#....# #..#.♣♣♣* * , *
#....# #..#... * ** * ~
#....# #..#♣♣♣.♣ * ~
#....# #..# *, ♣ ~ #....#
#..# * * *, ~
##...######..# * * *
#...........############
* *
#.......................


You could see a frost giant, a cyclops, a yaktaur, 3 yaks, 2 trolls and 2
vampire mosquitoes.

Vanquished Creatures
  2 fire dragons
  3 hydras
  Erolcha (D:9)
  A catoblepas (Lair:5)
  14 two-headed ogres
  2 boulder beetles (Lair:2)
  2 skysharks
  2 bog bodies (IceCv)
  A swamp dragon (Lair:5)
  3 lindwurms
  Pikel (D:7)
  An oklob plant (Lair:5)
  2 wolf spiders
  A cyclops (D:11)
  8 elephants
  An ice statue (IceCv)
  6 black mambas
  Maurice (D:9)
  16 cane toads
  3 rime drakes
  Maggie (D:7)
  11 komodo dragons
  An anaconda simulacrum (IceCv)
  A polar bear (Lair:1)
  3 meliai (D:10)
  2 trolls (D:10)
  2 hornets
  Prince Ribbit (D:7)
  9 blink frogs
  Grinder (D:3)
  2 jumping spiders (Lair:2)
  Sigmund (D:3)
  2 wraiths
  A vampire (D:11)
  53 yaks
  A dire elephant simulacrum (IceCv)
  4 wyverns
  7 basilisks
  2 fire bats (Lair:1)
  A redback (Lair:2)
  2 death yak simulacra
  4 steam dragons
  A vampire mosquito (D:11)
  Menkaure (D:7)
  2 wargs (D:10)
  2 acid dragons
  3 hydra simulacra (IceCv)
  A harpy simulacrum (IceCv)
  9 water moccasins
  Duvessa (D:6)
  2 sky beasts
  3 swamp drakes (Lair:5)
  2 black bears
  An ice beast (D:7)
  6 orc warriors
  28 wolves
  14 ogres (D:9)
  6 centaurs
  2 phantoms (D:6)
  2 kobold brigands
  7 bullfrogs
  A necrophage (D:4)
  2 cane toad simulacra
  4 two-headed ogre simulacra (IceCv)
  A gnoll sergeant (D:6)
  4 scorpions
  24 wights
  Dowan (D:6)
  4 elephant simulacra (IceCv)
  7 killer bees
  The ghost of sergiutin the Insei, a weakling DgTm (D:3)
  A howler monkey (D:8)
  3 lava snakes
  2 bullfrog zombies (D:3)
  A jelly (D:7)
  6 orc priests
  5 hounds
  3 iguanas
  7 orc wizards
  2 polar bear simulacra
  6 spriggan simulacra (IceCv)
  7 hell rats (Lair:4)
  6 troll simulacra (IceCv)
  A wolf simulacrum (IceCv)
  An ogre zombie (D:9)
  A mummy (D:5)
  A howler monkey zombie (D:3)
  4 gnolls (D:4)
  9 naga simulacra (IceCv)
  15 adders
  7 river rats
  A shadow imp (D:7)
  5 white imps
  8 ufetubi
  3 worms
  3 dart slugs
  34 orcs
  11 ball pythons
  16 endoplasms
  4 giant cockroaches
  7 goblins
  5 hobgoblins
  10 jackals
  2 quokkas
  6 bats
  8 frilled lizards
  A hobgoblin zombie (D:5)
  19 kobolds
  2 kobold zombies (D:5)
  An orc zombie (D:5)
  15 rats
574 creatures vanquished.

Vanquished Creatures (others)
  An iguana (Lair:5)
  5 fungi
  27 plants
33 creatures vanquished.

Grand Total: 607 creatures vanquished

Notes
Turn   | Place    | Note
-------+----------+-------------------------------------------
     0 | D:1      | mopl the Meteoran Berserker began the quest for the Orb.
     0 | D:1      | Reached XP level 1. HP: 19/19 MP: 2/2
   167 | D:1      | Reached XP level 2. HP: 26/26 MP: 3/3
   332 | D:1      | Reached XP level 3. HP: 28/31 MP: 4/4
   357 | D:1      | Reached ** piety under Trog
   477 | D:1      | Glimpsed the power of Zot.
   526 | D:1      | Glimpsed the power of Zot.
   561 | D:2      | Reached skill level 3 in Dodging
   637 | D:2      | Reached skill level 3 in Armour
   654 | D:2      | Reached XP level 4. HP: 40/40 MP: 5/5
   853 | D:2      | Reached skill level 5 in Maces & Flails
  1048 | D:2      | Reached XP level 5. HP: 37/46 MP: 6/6
  1065 | D:2      | Glimpsed the power of Zot.
  1155 | D:3      | Reached skill level 4 in Fighting
  1177 | D:3      | Noticed Sigmund
  1204 | D:3      | Killed Sigmund
  1205 | D:3      | Reached skill level 6 in Maces & Flails
  1205 | D:3      | Reached skill level 4 in Armour
  1205 | D:3      | Reached XP level 6. HP: 5/53 MP: 7/7
  1281 | D:3      | Found a transporter.
  1284 | D:3      | Found a transporter.
  1285 | D:3      | Noticed sergiutin's ghost (weakling DgTm)
  1300 | D:3      | Reached skill level 4 in Dodging
  1300 | D:3      | Reached XP level 7. HP: 55/60 MP: 8/8
  1306 | D:3      | Killed sergiutin's ghost
  1317 | D:3      | Reached skill level 7 in Maces & Flails
  1441 | D:3      | Reached *** piety under Trog
  1644 | D:3      | Glimpsed the power of Zot.
  1715 | D:3      | Noticed Grinder
  1728 | D:3      | Killed Grinder
  1729 | D:3      | Reached skill level 5 in Fighting
  1729 | D:3      | Reached XP level 8. HP: 56/68 MP: 9/9
  1874 | D:4      | Reached skill level 5 in Armour
  1879 | D:4      | Reached skill level 8 in Maces & Flails
  1881 | D:4      | Reached skill level 5 in Dodging
  1961 | D:4      | Identified the +4 spear "Newtbane" {protect, Str+4}
  2220 | D:5      | Entered Level 5 of the Dungeon
  2292 | D:5      | Found a sacrificial altar of Ru.
  2343 | D:5      | Reached skill level 1 in Evocations
  2369 | D:5      | Found a staircase to the Ecumenical Temple.
  2610 | D:5      | Gained mutation: You passively map the area around you.
                  | [Meteoran growth]
  2610 | D:5      | Reached XP level 9. HP: 69/75 MP: 10/10
  2614 | D:5      | Found a glowing drain.
  2622 | Sewer    | Entered a sewer
  2634 | Sewer    | Reached **** piety under Trog
  2668 | Sewer    | Reached skill level 9 in Maces & Flails
  2914 | Sewer    | Reached skill level 2 in Evocations
  3110 | D:6      | Noticed Duvessa
  3110 | D:6      | Noticed Dowan
  3120 | D:6      | Killed Duvessa
  3121 | D:6      | Reached skill level 6 in Fighting
  3123 | D:6      | Killed Dowan
  3128 | D:6      | Reached skill level 6 in Armour
  3128 | D:6      | Reached skill level 6 in Dodging
  3202 | D:6      | Reached skill level 3 in Evocations
  3212 | D:6      | Reached skill level 10 in Maces & Flails
  3427 | D:6      | Reached XP level 10. HP: 84/84 MP: 11/11
  3555 | D:7      | Found Qiyfuul's Jewellery Shoppe.
  3577 | D:7      | Noticed Maggie
  3585 | D:7      | Reached skill level 4 in Evocations
  3592 | D:7      | Killed Maggie
  3592 | D:7      | Reached ***** piety under Trog
  3593 | D:7      | Reached skill level 1 in Throwing
  3593 | D:7      | Reached skill level 7 in Armour
  3656 | D:7      | Reached skill level 7 in Fighting
  3664 | D:7      | Noticed Pikel
  3681 | D:7      | Killed Pikel
  3682 | D:7      | Reached skill level 11 in Maces & Flails
  3682 | D:7      | Reached skill level 2 in Throwing
  3682 | D:7      | Reached skill level 7 in Dodging
  3723 | D:7      | Noticed Menkaure
  3734 | D:7      | Killed Menkaure
  3735 | D:7      | Reached skill level 5 in Evocations
  3884 | D:7      | Reached skill level 3 in Throwing
  3911 | D:7      | Found an ancient bone altar of Kikubaaqudgha.
  3911 | D:7      | Noticed a two-headed ogre
  3919 | D:7      | Killed a two-headed ogre
  3952 | D:7      | Noticed Prince Ribbit
  3961 | D:7      | Killed Prince Ribbit
  3962 | D:7      | Reached skill level 12 in Maces & Flails
  3962 | D:7      | Reached XP level 11. HP: 83/93 MP: 12/12
  4045 | D:8      | Reached skill level 8 in Armour
  4102 | D:8      | Reached skill level 4 in Throwing
  4119 | D:8      | Noticed a two-headed ogre
  4126 | D:8      | Killed a two-headed ogre
  4127 | D:8      | Reached skill level 8 in Fighting
  4127 | D:8      | Reached skill level 8 in Dodging
  4127 | D:8      | Reached skill level 6 in Evocations
  4144 | D:8      | Received a gift from Trog
  4377 | D:8      | Reached skill level 13 in Maces & Flails
  4596 | D:8      | Reached skill level 5 in Throwing
  4728 | D:9      | Found an ornate altar of the Wu Jian Council.
  4750 | D:9      | Noticed a two-headed ogre
  4762 | D:9      | Killed a two-headed ogre
  4763 | D:9      | Reached skill level 7 in Evocations
  4763 | D:9      | Reached XP level 12. HP: 84/103 MP: 13/13
  4769 | D:9      | Noticed a two-headed ogre
  4772 | D:9      | Noticed Maurice
  4788 | D:9      | Killed Maurice
  4796 | D:9      | Killed a two-headed ogre
  4797 | D:9      | Reached skill level 9 in Armour
  4840 | D:9      | Found a shimmering altar of Xom.
  4845 | D:9      | Reached skill level 9 in Dodging
  4861 | D:9      | Noticed a two-headed ogre
  4866 | D:9      | Killed a two-headed ogre
  4970 | D:9      | Reached skill level 6 in Throwing
  4988 | D:9      | Reached skill level 14 in Maces & Flails
  4993 | D:9      | Reached skill level 9 in Fighting
  5246 | D:9      | Noticed a two-headed ogre
  5246 | D:9      | Noticed a two-headed ogre
  5247 | D:9      | Noticed a two-headed ogre
  5255 | D:9      | Killed a two-headed ogre
  5260 | D:9      | Killed a two-headed ogre
  5263 | D:9      | Killed a two-headed ogre
  5331 | D:10     | Entered Level 10 of the Dungeon
  5353 | D:10     | Found a staircase to the Lair.
  5382 | D:10     | Reached skill level 8 in Evocations
  5483 | D:9      | Noticed a two-headed ogre
  5483 | D:9      | Noticed a two-headed ogre
  5484 | D:9      | Noticed Erolcha
  5485 | D:9      | Noticed a two-headed ogre
  5493 | D:9      | Killed a two-headed ogre
  5500 | D:9      | Killed a two-headed ogre
  5503 | D:9      | Killed a two-headed ogre
  5504 | D:9      | Reached skill level 7 in Throwing
  5504 | D:9      | Reached XP level 13. HP: 100/111 MP: 14/14
  5510 | D:9      | Killed Erolcha
  5518 | D:9      | Reached skill level 15 in Maces & Flails
  5527 | D:9      | Identified the +6 sling "Emoded" {flame, Drain rPois Dex+2}
  5768 | D:10     | Reached skill level 10 in Armour
  5873 | D:10     | Identified the +3 great mace "Ekiur" {heavy, Will+} (Trog
                  | gifted it to you on level 10 of the Dungeon)
  5873 | D:10     | Received a gift from Trog
  5877 | D:10     | Reached skill level 10 in Dodging
  6027 | D:10     | Noticed a two-headed ogre
  6033 | D:10     | Killed a two-headed ogre
  6076 | Lair:1   | Entered Level 1 of the Lair of Beasts
  6304 | Lair:1   | Reached skill level 10 in Fighting
  6346 | Lair:1   | Reached skill level 9 in Evocations
  6505 | Lair:1   | Noticed a fire dragon
  6524 | Lair:1   | Reached skill level 8 in Throwing
  6533 | Lair:1   | Killed a fire dragon
  6585 | Lair:1   | Glimpsed the power of Zot.
  6770 | Lair:2   | Reached skill level 16 in Maces & Flails
  6770 | Lair:2   | Found a frozen archway.
  6800 | IceCv    | Entered an ice cave
  7348 | Lair:2   | Received a gift from Trog
  7349 | Lair:2   | Reached XP level 14. HP: 77/122 MP: 15/15
  7631 | Lair:2   | Found a runed translucent door.
  7647 | Lair:2   | Reached skill level 11 in Armour
  7647 | Lair:2   | Reached skill level 11 in Dodging
  7700 | Lair:2   | Found a runed translucent gate.
  7700 | Lair:2   | Found a runed translucent gate.
  7700 | Lair:2   | Found a runed translucent gate.
  7700 | Lair:2   | Found a runed translucent gate.
  7700 | Lair:2   | Found a runed translucent gate.
  7701 | Lair:2   | Found a runed translucent gate.
  7764 | Lair:2   | Reached skill level 9 in Throwing
  7800 | Lair:2   | Glimpsed the power of Zot.
  7850 | Lair:2   | Glimpsed the power of Zot.
  7895 | Lair:2   | Glimpsed the power of Zot.
  7905 | Lair:2   | Touched by the power of Zot.
  8017 | Lair:2   | Glimpsed the power of Zot.
  8061 | Lair:3   | Reached skill level 10 in Evocations
  8062 | Lair:3   | Reached skill level 17 in Maces & Flails
  8222 | Lair:3   | Reached skill level 11 in Fighting
  8391 | Lair:3   | Found a staircase to the Snake Pit.
  8458 | Lair:3   | Found a staircase to the Shoals.
  8749 | Lair:4   | Reached ****** piety under Trog
  8848 | Lair:4   | Received a gift from Trog
  8889 | Lair:4   | Reached XP level 15. HP: 89/105 MP: 16/16
  8929 | Lair:4   | Found a viscous altar of Jiyva.
  8929 | Lair:4   | Found a staircase to the Slime Pits.
  9254 | Lair:5   | Entered Level 5 of the Lair of Beasts
  9355 | Lair:5   | Reached skill level 18 in Maces & Flails
  9355 | Lair:5   | Reached skill level 12 in Armour
  9361 | Lair:5   | Reached skill level 10 in Throwing
  9456 | Lair:5   | Reached skill level 12 in Dodging
  9589 | Lair:5   | Identified a scroll of acquirement
  9600 | Lair:5   | Acquired 817 gold pieces
  9665 | Lair:5   | Reached skill level 11 in Evocations
 10015 | Lair:2   | Glimpsed the power of Zot.
 10065 | Lair:1   | Glimpsed the power of Zot.
 10105 | Lair:1   | Glimpsed the power of Zot.
 10115 | Lair:1   | Touched by the power of Zot.
 10266 | D:11     | Received a gift from Trog
 10336 | D:11     | Noticed a frost giant
 10354 | D:11     | Killed from afar by a frost giant

Illustrated notes

Levels and vault maps discovered:
D:1:      psy_arrival_dodecagon, layout_basic, serial_forest,
          infiniplex_forest_lined_1, infiniplex_forest_straight_4,
          infiniplex_forest_clump_medium, infiniplex_forest_lined_corner,
          infiniplex_forest_lined_2, infiniplex_forest_end_1,
          infiniplex_forest_corner_1, skrybe_limestone_x
D:2:      layout_basic, hangedman_decor_slide_cut
D:3:      layout_loops_corners, gammafunk_ghost_mausoleum, uniq_grinder,
          uniq_sigmund
D:4:      minmay_opposing_rooms, layout_basic, minmay_misc_feat_x
D:5:      lemuel_ice_spiral_2, layout_rooms, kennysheep_mini_moat,
          minmay_temple_entry_glassed_door, portal_sewer_entry_e,
          minmay_mini_ossuary
D:6:      layout_basic, kennysheep_small_circle, uniq_duvessa
D:7:      layout_gridville, kiku_gazebo_pond_becter, serial_shops,
          kennysheep_little_box, grunt_decor_junction, uniq_menkaure,
          uniq_pikel, uniq_prince_ribbit1, uniq_maggie
D:8:      layout_layer_cave
D:9:      lemuel_ogre_cave, layout_loops_ring, mainiacjoe_overflow_chevrons,
          mainiacjoe_overflow_24_doors, uniq_maurice
D:10:     layout_gridville, erik_lair_orcish_takeover
D:11:     nzn_winding_woodlands_small [nzn_winding_woodlands_5x15_jagged,
          nzn_winding_woodlands_center_pierced_h,
          nzn_winding_woodlands_5x15_river_crossing], layout_irregular_city,
          serial_column_ruins, column_ruins_hut, column_ruins_open_small,
          column_ruins_grid_2, column_ruins_grid_1, column_ruins_open_tiny,
          column_ruins_corridor_corner, column_ruins_grid_3
Lair:1:   dragon1_lemuel, layout_hall_layers, minivault_19,
          serial_bayou_crossing, serial_bayou_shore_a, infiniplex_staircase_pool
Lair:2:   gammafunk_indiana_jones, layout_cave_pods,
          portal_ice_cave_entry_ice_simulacra
Lair:3:   layout_hall_layers, minmay_shoals_entry_centaurs, dummy_snake_entry,
          grunt_forest_large_clearings, infiniplex_staircase_pool_2,
          lemuel_fruit_tree, grunt_megastairs_3
Lair:4:   layout_cave_pods, dpeg_slime_entry_corner, beast_lair_carwin_3
Lair:5:   guppyfry_lair_end_dragon, layout_cave_pods, serial_bayou_shore_b,
          lemuel_fruit_fields

Skill      XL: |  1  2  3  4  5  6  7  8  9 10 11 12 13 14 15 |
---------------+----------------------------------------------+-----
Dodging        | 3 4 5 6 7 8 9 10 11 12 | 12.5
Armour         | 3 4 5 6 7 8 9 10 11 12 | 12.5
Maces & Flails | 5 6 7 8 10 12 13 14 16 17 18 | 18.7
Fighting       | 4 5 6 7 8 9 10 11 | 11.9
Evocations     | 1 3 5 7 8 9 10 11 | 11.3
Throwing       | 3 5 7 8 9 10 | 10.6

Action                     |  1- 3 |  4- 6 |  7- 9 | 10-12 | 13-15 || total
---------------------------+-------+-------+-------+-------+-------++-------
  Melee: Mace              |   149 |    93 |       |       |       ||   242
         Punch             |     2 |     1 |     5 |       |       ||     8
         Flail             |       |     4 |   404 |       |       ||   408
         Unarmed           |       |       |     3 |       |       ||     3
         Dire flail        |       |       |    38 |   419 |  1074 ||  1531
         Great mace        |       |       |       |       |    81 ||    81
 Invoke: Berserk           |       |     2 |     5 |     6 |     6 ||    19
         Trog's Hand       |       |       |       |     1 |     1 ||     2
  Evoke: Wand              |       |       |       |       |     1 ||     1
    Use: Scroll            |       |       |     1 |     6 |    13 ||    20
         Potion            |       |       |       |       |     1 ||     1
   Stab: Paralysed         |       |       |       |       |     2 ||     2
 Armour: Ring mail         |     2 |       |       |       |       ||     2
         Chain mail        |    71 |    71 |   273 |     7 |       ||   422
         Swamp dragon scal |       |       |       |    92 |   325 ||   417
         Ice dragon scales |       |       |       |       |    94 ||    94
  Dodge: Dodged            |    42 |    42 |   241 |   199 |   620 ||  1144
  Block: Other             |       |       |       |       |   116 ||   116
         Reflection        |       |       |       |       |     3 ||     3

Table legend: (Time is in decaauts)
 A = Elapsed time spent in this place.
 B = Non-inter-level travel time spent in this place.
 C = Inter-level travel time spent in this place.
 D = Time resting spent in this place.
 E = Time spent auto-exploring this place.
 F = Levels seen in this place.
 G = Mean time per level.
                   A        B        C        D        E       F      G
               +--------+--------+--------+--------+--------+-----+--------+
         Total |  10036 |   9144 |    892 |      2 |      0 |  18 |  557.6 |
       Dungeon |   5825 |   5525 |    300 |      0 |      0 |  11 |  529.5 |
          Lair |   3282 |   2690 |    592 |      0 |      0 |   5 |  656.4 |
         Sewer |    434 |    434 |      0 |      0 |      0 |   1 |  434.0 |
      Ice Cave |    494 |    494 |      0 |      2 |      0 |   1 |  494.0 |
               +--------+--------+--------+--------+--------+-----+--------+

Top non-repeatable levels by time:
  Lair:2: 811 daAuts
     D:9: 764 daAuts
  Lair:1: 708 daAuts
  Lair:5: 656 daAuts
    D:10: 641 daAuts
     D:3: 637 daAuts
     D:8: 593 daAuts
     D:2: 578 daAuts
  Lair:4: 569 daAuts
     D:1: 566 daAuts
  Lair:3: 536 daAuts
     D:4: 506 daAuts
     D:5: 494 daAuts
   IceCv: 494 daAuts
     D:6: 457 daAuts
